Map: Pillars of Gold LE

Players

Yoger - Winner!

  • Race: Zerg Zerg
  • Spawn Location: 7:00

Nice

  • Race: Protoss Protoss
  • Spawn Location: 1:00

Event: DreamHack SC2 Masters 2020 Fall

VOD

Have the link to the VOD?

Description

Time

  • Played on: Aug. 26, 2020, 9:56 a.m.
  • Length: 8:44

All games in this series

Show
View Real Time Build Order
Export as new Build Order

Yoger Zerg - Winner!

Build Orders: Hatch First 

Get SALT Encoding   

  12  0:00  Drone  
  13  0:12  Overlord  
  13  0:19  Drone  
  14  0:32  Drone x2  
  16  0:45  Drone  
  17  0:54  Hatchery  
  16  0:57  Drone  
  16  1:01  Drone  
  16  1:03  Extractor  
  17  1:16  Spawning Pool  
  16  1:21  Drone  
  16  1:24  Drone  
  18  1:29  Drone  
  19  1:39  Overlord  
  19  1:51  Drone  
  20  2:03  Queen  
  20  2:04  Zergling x2  
  20  2:07  Queen  
  25  2:09  Zergling x2  
  26  2:15  Metabolic Boost  
  26  2:20  Drone  
  27  2:23  Drone  
  27  2:26  Drone  
  29  2:30  Drone  
  30  2:46  Hatchery  
  30  2:48  Zergling x2  
  30  2:52  Drone  
  30  2:54  Drone  
  30  2:58  Drone  
  33  3:02  Drone  
  33  3:04  Spore Crawler  
  33  3:06  Spore Crawler  
  33  3:09  Drone  
  33  3:12  Drone  
  33  3:19  Overlord  
  35  3:24  Overlord  
  35  3:33  Queen, Spore Crawler  
  36  3:35  Spore Crawler  
  36  3:38  Drone x3  
  36  3:40  Drone  
  39  3:44  Drone x2  
  39  3:46  Drone  
  41  3:49  Drone  
  41  3:50  Drone  
  41  3:52  Drone  
  44  3:56  Drone  
  44  4:01  Queen  
  47  4:04  Drone  
  48  4:13  Zergling x10  
  53  4:19  Queen  
  53  4:21  Overlord  
  55  4:25  Spore Crawler  
  55  4:28  Drone x3  
  56  4:34  Drone x2  
  56  4:37  Overlord  
  58  4:45  Drone x6  
  64  4:49  Drone  
  65  4:56  Drone  
  65  4:57  Roach Warren  
  63  5:05  Drone  
  64  5:09  Drone x2  
  64  5:11  Overlord x2  
  64  5:12  Lair  
  66  5:15  Extractor  
  66  5:16  Extractor  
  66  5:17  Drone  
  66  5:19  Drone, Overlord  
  66  5:21  Overlord x2  
  66  5:25  Overlord  
  66  5:32  Drone  
  66  5:33  Drone x8  
  75  5:38  Extractor  
  75  5:39  Roach x2  
  77  5:45  Roach x4  
  77  5:48  Roach  
  77  5:49  Roach  
  89  5:54  Evolution Chamber  
  89  5:55  Roach  
  90  5:57  Drone  
  90  5:59  Overlord  
  90  6:00  Roach  
  90  6:01  Roach  
  90  6:03  Roach  
  96  6:06  Zergling x6  
  99  6:15  Zergling x6  
  99  6:17  Glial Reconstitution  
  102  6:20  Queen  
  102  6:23  Zergling x2  
  102  6:24  Zergling x12  
  102  6:35  Roach x2, Zergling x6  
  102  6:39  Zergling x2  
  108  6:40  Zergling x2  
  108  6:41  Queen  
  108  6:46  Overlord  
  111  6:49  Zergling x4  
  111  6:57  Ravager  
  111  6:58  Ravager x2, Overlord  
  111  6:59  Overlord  
  112  7:02  Ravager  
  112  7:07  Extractor  
  112  7:08  Extractor  
  112  7:09  Spire  
  112  7:13  Zergling x20  
  116  7:27  Zergling x2  
  116  7:28  Zergling x10  
  122  7:36  Zergling x6  
  121  7:40  Ravager  
  121  7:41  Ravager  
  121  7:43  Zergling x2  
  122  7:52  Zergling x4  
  122  7:55  Zergling x6  
  122  8:03  Zergling x10  
  122  8:04  Zergling x2  
  114  8:17  Drone  
  114  8:18  Drone x5  
Show
View Real Time Build Order
Export as new Build Order

Nice Protoss 

Build Orders: 1 Gate Expand, Oracle Opening 

Get SALT Encoding   

  12  0:00  Probe  
  13  0:12  Probe  
  14  0:19  Pylon  
  14  0:24  Probe  
  15  0:37  Probe (Chrono Boost)  
  15  0:41  Gateway  
  16  0:49  Probe (Chrono Boost)  
  17  0:52  Assimilator  
  17  0:55  Probe (Chrono Boost)  
  18  1:06  Probe  
  19  1:18  Probe  
  20  1:29  Cybernetics Core  
  20  1:40  Nexus  
  20  1:48  Pylon  
  20  1:52  Assimilator  
  20  1:55  Probe  
  21  2:02  Adept (Chrono Boost)  
  21  2:07  Warp Gate, Probe  
  24  2:19  Probe  
  25  2:23  Stalker (Chrono Boost)  
  27  2:31  Probe  
  29  2:44  Probe (Chrono Boost)  
  29  2:45  Adept  
  31  2:53  Probe (Chrono Boost)  
  31  2:55  Stargate  
  33  3:01  Probe (Chrono Boost)  
  33  3:02  Probe (Chrono Boost)  
  34  3:08  Probe  
  34  3:11  Probe  
  34  3:15  Gateway  
  34  3:20  Probe  
  34  3:21  Adept  
  34  3:23  Probe  
  38  3:32  Probe  
  39  3:35  Oracle (Chrono Boost)  
  39  3:36  Probe  
  39  3:37  Pylon  
  43  3:44  Probe  
  43  3:48  Probe  
  45  3:56  Probe, Pylon  
  45  4:00  Probe  
  45  4:02  Gateway  
  47  4:03  Oracle (Chrono Boost)  
  51  4:11  Adept  
  51  4:13  Adept  
  51  4:14  Probe x2  
  56  4:18  Pylon  
  56  4:26  Probe  
  56  4:27  Probe  
  56  4:30  Phoenix (Chrono Boost), Assimilator  
  60  4:38  Probe  
  60  4:39  Probe  
  60  4:44  Assimilator  
  62  4:48  Oracle (Chrono Boost)  
  62  4:50  Probe  
  62  4:52  Pylon  
  66  4:55  Probe  
  67  5:06  Probe  
  68  5:12  Nexus  
  68  5:16  Probe  
  68  5:18  Probe  
  70  5:21  Oracle (Chrono Boost)  
  70  5:25  Pylon  
  70  5:27  Shield Battery  
  74  5:28  Probe  
  74  5:30  Probe  
  74  5:33  Adept  
  77  5:40  Probe  
  78  5:43  Probe  
  79  5:51  Forge  
  79  5:52  Probe  
  79  5:54  Adept x3  
  79  5:55  Twilight Council  
  86  6:05  Robotics Facility  
  86  6:07  Pylon  
  86  6:11  Pylon  
  86  6:16  Pylon  
  86  6:19  Pylon  
  86  6:23  Probe x2  
  84  6:30  Sentry x2  
  84  6:31  Sentry, Blink  
  81  6:35  Probe x3  
  81  6:38  Protoss Ground Weapons Level 1 (Chrono Boost)  
  84  6:40  Shield Battery  
  84  6:45  Gateway  
  84  6:47  Gateway  
  84  6:48  Gateway  
  87  6:58  Shield Battery x2  
  87  6:59  Shield Battery  
  87  7:00  Shield Battery, Sentry x2  
  82  7:01  Photon Cannon  
  82  7:03  Immortal (Chrono Boost), Photon Cannon  
  86  7:10  Photon Cannon  
  84  7:15  Sentry  
  77  7:23  Void Ray (Chrono Boost)  
  66  7:38  Zealot, Sentry  
  66  7:39  Zealot  
  66  7:42  Zealot x3  
  78  7:44  Immortal (Chrono Boost)  
  72  7:59  Zealot, Sentry  
  72  8:05  Zealot x4  

Tags
 
Add a new tag
Caveats
  • Supply blocks, unpowered buildings, or Contaminate may cause inaccurate times.
  • Supply counts are checked every 10 seconds.